 Dungeon Crawl Stone Soup version 0.31-a0-229-g1fc7ce93e2 (webtiles) character file.

Game seed: 1290365543054118938

133 qw the Shooter (level 4, 0/37 HPs)
             Began as a Minotaur Hexslinger on July 6, 2023.
             Slain by Pargi (1 damage)
             ... in a sewer.
             The game lasted 00:00:59 (2345 turns).

qw the Shooter (Minotaur Hexslinger)                Turns: 2345, Time: 00:01:00

Health: 0/37       AC:  5    Str: 13    XL:     4   Next: 94%
Magic:  4/4        EV: 11    Int: 10    God:
Gold:   395        SH:  0    Dex: 14    Spells: 4/5 levels left

rFire   . . .        Y - +1 sling
rCold   . . .        (no shield)
rNeg    . . .        d - +0 ring mail
rPois   .            (helmet restricted)
rElec   .            (no cloak)
rCorr   .            (no gloves)
SInv    .            (no boots)
Will    .....        (no amulet)
Stlth   +            (no ring)
HPRegen 0.26/turn    (no ring)
MPRegen 0.09/turn

%: no passive effects
@: no status effects
A: horns 2, retaliatory headbutt
a: no special abilities


You were in a sewer.
You visited 1 branch of the dungeon, and saw 3 of its levels.
You also visited: Sewer.

You collected 395 gold pieces.


Innate Abilities, Weirdness & Mutations

You have a pair of horns on your head.
You reflexively headbutt those who attack you in melee.


   Skills:
 + Level 2.6 Fighting
 - Level 5.1 Ranged Weapons
 - Level 1.0 Armour
 - Level 2.1 Dodging
 - Level 1.0 Spellcasting
 - Level 2.0 Hexes


You had 4 spell levels left.
You knew the following spells:

 Your Spells              Type           Power      Damage    Failure   Level
a - Slow                  Hex            16%        N/A       32%         1

Your spell library contained the following spells:

 Spells                   Type           Power      Damage    Failure   Level
 Inner Flame              Hex/Fire       2%         N/A       82%         3
 Portal Projectile        Hex/Tloc       4%         N/A       82%         3
 Cause Fear               Hex            2%         N/A       97%         4

Inventory:

Hand Weapons
 Y - a +1 sling (weapon)
Armour
 d - a +0 ring mail (worn)
Jewellery
 j - a ring of ice
Wands
 a - a wand of digging (4)
Potions
 b - a potion of ambrosia {unknown}
 c - a potion of haste {unknown}
 e - a potion of enlightenment {unknown}
 f - a potion of degeneration {unknown}
 g - a potion of berserk rage {unknown}
 h - a potion of brilliance {unknown}
 i - a potion of invisibility {unknown}
 k - a potion of attraction {unknown}

Dungeon Overview and Level Annotations

Branches:
Dungeon (3/15)              Sewer (1/1)

Altars:
Gozag

Shops:
D:1 :

Annotations:
D:3 1 runed translucent door, qw's ghost, amateur MiHs Sewer Pargi


Message History

Pargi bites you. Pargi claws you but does no damage. x2
You shoot a sling bullet. The sling bullet hits Pargi.
Pargi is moderately wounded.
Pargi bites you but does no damage. Pargi claws you but does no damage. x2
Pargi misses you. Pargi barely misses you. Pargi claws you but does no damage.
You shoot a sling bullet. The sling bullet barely misses Pargi.
Pargi bites you but does no damage. Pargi claws you. Pargi barely misses you.
You shoot a sling bullet. The sling bullet closely misses Pargi.
Pargi barely misses you. You furiously retaliate!
You headbutt Pargi. Pargi claws you. Pargi claws you but does no damage.
You shoot a sling bullet. The sling bullet closely misses Pargi.
Pargi barely misses you. You furiously retaliate!
You headbutt Pargi! Pargi claws you. Pargi barely misses you. Pargi bites you.
Pargi claws you but does no damage. Pargi completely misses you.
You shoot a sling bullet. The sling bullet barely misses Pargi.
Pargi bites you. Pargi claws you. x2
You shoot a sling bullet. The sling bullet closely misses Pargi.
Pargi bites you. Pargi claws you but does no damage. x2
You shoot a sling bullet. The sling bullet closely misses Pargi.
Pargi bites you. Pargi claws you but does no damage. x2
You shoot a sling bullet. The sling bullet closely misses Pargi.
Pargi bites you but does no damage. Pargi claws you but does no damage.
Pargi claws you. Pargi barely misses you.
Pargi claws you but does no damage. x2
You shoot a sling bullet. The sling bullet barely misses Pargi.
Pargi barely misses you. You furiously retaliate!
You headbutt Pargi. Pargi claws you. Pargi claws you but does no damage.
You shoot a sling bullet. The sling bullet barely misses Pargi.
Pargi bites you. Pargi claws you. Pargi barely misses you.
You shoot a sling bullet. The sling bullet hits Pargi.
Pargi is heavily wounded.
Pargi bites you. Pargi claws you but does no damage. Pargi barely misses you.
You shoot a sling bullet. The sling bullet hits Pargi.
Pargi is severely wounded.
Pargi barely misses you. You furiously retaliate!
You headbutt Pargi, but do no damage. Pargi claws you but does no damage.
Pargi claws you. Pargi barely misses you. Pargi claws you. Pargi misses you.
You shoot a sling bullet. The sling bullet hits Pargi.
Pargi is severely wounded.
Pargi bites you but does no damage. Pargi claws you.
You die...

####~~~~~~~~~~~~
#~~~~~~~~~~~~~~~
##~~~~~~~~~~~~~~~
##~~~~~~~~~~~~~~~~
##~~~~~~~~~~~~~~~~~
#~~~~~~~~~~~~~~~~~~
###~~~~~~~~~~~~~~~~~~
#~~~~~~~~~~.@T~.~.#
##~~~~~~~~..###~####
##~~~~~~~~.### ~#
##~~~~~~~~~~# T#
#~~~~~~~~~~## .#
#~~~~~~~~~~# .#
#~~~~~~~~~## ~#
#~~~~~~~~~# .#
#~~~~~~~~##


You could see Pargi.

Vanquished Creatures
  Robin (D:3)
  4 adders
  A river rat (D:3)
  A worm (D:2)
  A dart slug (D:1)
  5 endoplasms
  7 giant cockroaches
  11 goblins
  4 hobgoblins (D:1)
  2 jackals (D:1)
  5 quokkas
  6 ball pythons
  6 bats
  3 frilled lizards
  6 kobolds
  6 rats
69 creatures vanquished.

Notes
Turn   | Place    | Note
-------+----------+-------------------------------------------
     0 | D:1      | qw the Minotaur Hexslinger began the quest for the Orb.
     0 | D:1      | Reached XP level 1. HP: 16/16 MP: 1/1
     0 | D:1      | 0 ||| qw: Version: 0.3-a-46-gb1f654a
     0 | D:1      | 0 ||| qw: Game counter: 1131
     0 | D:1      | 0 ||| qw: Melee chars always use a shield: true
     0 | D:1      | 0 ||| qw: God list: Okawaru
     0 | D:1      | 0 ||| qw: Allow faded altars: false
     0 | D:1      | 0 ||| qw: Do Orc after clearing Dungeon:15 true
     0 | D:1      | 0 ||| qw: Do second Lair branch before Depths: true
     0 | D:1      | 0 ||| qw: Lair rune preference: random
     0 | D:1      | 0 ||| qw: Goals: Normal
     0 | D:1      | 0 ||| PLANNING D:1-11
   160 | D:1      | Reached skill level 3 in Ranged Weapons
   160 | D:1      | Reached XP level 2. HP: 23/23 MP: 2/2
   366 | D:1      | Found Weohisop's Book Boutique.
   511 | D:1      | Reached XP level 3. HP: 26/29 MP: 3/3
   733 | D:1      | 733 ||| DROPPING ring of flight.
   734 | D:1      | 734 ||| READING scroll labelled HACRAS ZAUNU.
   735 | D:1      | 735 ||| READING scroll labelled UDAGIU YCURPHI.
   736 | D:1      | 736 ||| DROPPING scroll of poison.
  1016 | D:2      | Reached skill level 4 in Ranged Weapons
  1023 | D:2      | Found an opulent altar of Gozag.
  1251 | D:2      | Reached XP level 4. HP: 12/36 MP: 4/4
  1252 | D:2      | HP: 8/36 [poisoned by an adder]
  1257 | D:2      | HP: 3/36 [poisoned by an adder]
  1644 | D:2      | 1644 ||| UPGRADING to +0 ring mail.
  1654 | D:2      | 1654 ||| DROPPING +0 robe.
  1684 | D:3      | 1684 ||| PLANNING SEWER
  1781 | D:3      | Reached skill level 1 in Armour
  1877 | D:3      | 1877 ||| FLEEEEING.
  1882 | D:3      | Noticed Robin
  1893 | D:3      | Killed Robin
  1894 | D:3      | 1894 ||| FLEEEEING.
  1895 | D:3      | 1895 ||| FLEEEEING.
  1896 | D:3      | 1896 ||| FLEEEEING.
  1897 | D:3      | 1897 ||| FLEEEEING.
  1898 | D:3      | 1898 ||| FLEEEEING.
  1899 | D:3      | 1899 ||| FLEEEEING.
  1900 | D:3      | 1900 ||| FLEEEEING.
  1901 | D:3      | 1901 ||| FLEEEEING.
  1902 | D:3      | 1902 ||| FLEEEEING.
  1903 | D:3      | 1903 ||| FLEEEEING.
  1904 | D:3      | 1904 ||| FLEEEEING.
  1906 | D:3      | 1906 ||| FLEEEEING.
  1907 | D:3      | 1907 ||| FLEEEEING.
  1910 | D:3      | 1910 ||| FLEEEEING.
  1911 | D:3      | 1911 ||| FLEEEEING.
  1912 | D:3      | 1912 ||| FLEEEEING.
  1971 | D:3      | Found a runed translucent door.
  1973 | D:3      | Noticed qw's ghost (amateur MiHs)
  2045 | D:3      | Reached skill level 5 in Ranged Weapons
  2265 | D:3      | Found a glowing drain.
  2267 | D:3      | 2267 ||| DRINKING 3 metallic brown potions.
  2287 | D:3      | 2287 ||| DROPPING 2 potions of lignification.
  2293 | Sewer    | Entered a sewer
  2328 | Sewer    | Noticed Pargi
  2329 | Sewer    | 2329 ||| Stepping ~*~*~tactically~*~*~ (water).
  2342 | Sewer    | HP: 7/37 [Pargi (3)]
  2343 | Sewer    | HP: 3/37 [Pargi (5)]
  2344 | Sewer    | HP: 1/37 [Pargi (1)]
  2345 | Sewer    | Slain by Pargi

Levels and vault maps discovered:
D:1:      giann_wishing_wells, layout_loops_cross, serial_shops, shop,
          minmay_gold_behind_fungi, wander_ebering_terrifying_dragon_lair
D:2:      layout_basic, basic_altar, minmay_misc_feat_rugged, chequers_jeans,
          columned_hall_lemuel
D:3:      layout_loops_cross, gup_sewer_entry_bubbles, gammafunk_ghost_grave,
          glass_columns_a, uniq_robin
Sewer:    sewer_co_pargi_island

Skill      XL: |  1  2  3  4 |
---------------+-------------+-----
Ranged Weapons | 3 4 5 |  5.1
Fighting       | 2 |  2.6
Armour         | 1 |  1.0
Dodging        | |  2.1
Spellcasting   | |  1.0
Hexes          | |  2.0

Action                     |  1- 3 |  4- 6 || total
---------------------------+-------+-------++-------
   Fire: Sling             |   142 |    94 ||   236
    Use: Scroll            |     2 |       ||     2
         Potion            |       |     1 ||     1
 Armour: Robe              |    15 |       ||    15
         Ring mail         |       |    28 ||    28
  Dodge: Dodged            |    37 |    26 ||    63

Table legend:
 A = Non-vault XP
 B = Vault XP
 C = Vault XP percentage of total XP
 D = Non-vault monster count
 E = Vault monster count
 F = Vault count percentage of total count
                 A         B        C        D         E       F
            +---------+---------+-------+---------+---------+-------
      Total |     136 |      55 |  28.8 |      51 |      18 |  26.1
            +---------+---------+-------+---------+---------+-------
        D:1 |      47 |       1 |   2.1 |      28 |       1 |   3.4
        D:2 |      53 |       0 |   0.0 |      15 |       0 |   0.0
        D:3 |      36 |      50 |  58.1 |       8 |      14 |  63.6
      Sewer |       0 |       4 | 100.0 |       0 |       3 | 100.0
            +---------+---------+-------+---------+---------+-------
